 Dungeon Crawl Stone Soup version 0.29.1-13-g9f3cf754e1 (webtiles) character file.

Game seed: 12634067033668796575

106 Thatpatchoflichen the Trooper (level 4, -1/50 HPs)
             Began as an Ogre Fighter on Feb 2, 2023.
             Slain by a rat (3 damage)
             ... on level 2 of the Dungeon.
             The game lasted 00:03:51 (2081 turns).

Thatpatchoflichen the Trooper (Ogre Fighter)        Turns: 2081, Time: 00:03:52

Health: -1/50      AC:  4    Str: 20    XL:     4   Next: 84%
Magic:  4/4        EV:  9    Int:  9    God:
Gold:   90         SH:  9    Dex: 16    Spells: 3/3 levels left

rFire   . . .      SeeInvis .   a - +0 long sword
rCold   . . .      Faith    .   c - +0 kite shield
rNeg    . . .      Spirit   .   b - +0 robe
rPois   .          Reflect  .   (helmet restricted)
rElec   .          Harm     .   m - +0 cloak
rCorr   .          Rampage  .   (gloves unavailable)
Will    +....                   (boots unavailable)
Stlth   +.........              (no amulet)
HPRegen 0.16/turn               i - +6 ring of dexterity
MPRegen 0.09/turn               n - ring of willpower

@: no status effects
A: large, unfitting armour, tough skin 1
a: no special abilities


You were on level 2 of the Dungeon.
You visited 1 branch of the dungeon, and saw 3 of its levels.

You collected 90 gold pieces.

Inventory:

Hand Weapons
 a - a +0 long sword (weapon)
Armour
 b - a +0 robe (worn)
 c - a +0 kite shield (worn)
 m - a +0 cloak (worn)
Jewellery
 i - a +6 ring of dexterity (left hand)
 j - a ring of fire
 n - a ring of willpower (right hand)
Scrolls
 g - a scroll of immolation
 h - a scroll of butterflies {unknown}
 k - a scroll of identify {unknown}
 l - a scroll of teleportation {unknown}
 p - a scroll of poison {unknown}
Potions
 d - a potion of might
 e - a potion of mutation {unknown}
 f - a potion of curing {unknown}
 o - a potion of attraction {unknown}


   Skills:
 + Level 5.0 Fighting
 + Level 2.6 Long Blades
 + Level 3.3 Dodging
 + Level 3.7 Shields


You had 3 spell levels left.
You didn't know any spells.
Your spell library was empty.

Dungeon Overview and Level Annotations

Branches:
Dungeon (3/15)

Altars:


Innate Abilities, Weirdness & Mutations

You are too large for most types of armour.
You have tough skin. (AC +1)


Message History

The rat closely misses you. The orc hits you with a +0 whip.
You block the rat's attack. The orc closely misses you.
Your Fighting skill increases to level 5!
The orc barely misses you. The rat bites you.
Things that are here:
a +0 short sword; a +0 ring mail; an orc corpse You hit the orc but do no damage.
The orc misses you. You block the rat's attack.
You hit the orc.
The orc is almost dead.
The rat bites you.
* * * LOW HITPOINT WARNING * * *
The orc hits you with a +0 whip.
* * * LOW HITPOINT WARNING * * *
The orc closely misses you. You block the rat's attack.
You closely miss the orc.
The orc is almost dead.
You block the orc's attack. You block the rat's attack.
You hit the orc but do no damage.
The orc is almost dead.
The rat bites you.
* * * LOW HITPOINT WARNING * * *
The orc hits you with a +0 whip.
* * * LOW HITPOINT WARNING * * *
You closely miss the orc.
The orc is almost dead.
The rat bites you.
* * * LOW HITPOINT WARNING * * *
The orc closely misses you. You block the rat's attack.
The orc hits you with a +0 whip.
* * * LOW HITPOINT WARNING * * *
You slash the orc!
You kill the orc!
You block the rat's attack. The rat closely misses you.
Things that are here:
a +0 whip; a +0 leather armour You hit the rat but do no damage.
You block the rat's attack. The rat bites you.
You die...

######### #.. ....
#.###.#
...##############.....#
.. ........#...)@....##.#
...............>r....##.#
...##......#.........##.#
...#.....#......#######.#
#......#.............)#
#......#..............#
#..........##.........#
##.......####.#......##
#...†...# #.........#


You could see a rat.

Vanquished Creatures
  An orc priest (D:2)
  Robin (D:1)
  An adder (D:1)
  2 worms (D:2)
  A dart slug (D:2)
  2 orcs (D:2)
  4 bats
  2 endoplasms (D:1)
  A giant cockroach (D:1)
  10 goblins
  8 hobgoblins
  2 quokkas (D:1)
  2 ball pythons
  3 frilled lizards (D:1)
  2 kobolds (D:1)
  3 rats (D:1)
45 creatures vanquished.

Notes
Turn   | Place    | Note
-------+----------+-------------------------------------------
     0 | D:1      | Thatpatchoflichen the Ogre Fighter began the quest for the
                  | Orb.
     0 | D:1      | Reached XP level 1. HP: 24/24 MP: 1/1
   225 | D:1      | Reached XP level 2. HP: 32/32 MP: 2/2
   230 | D:1      | Found a faded altar of an unknown god.
  1064 | D:1      | Reached XP level 3. HP: 40/40 MP: 3/3
  1325 | D:2      | Noticed Robin
  1341 | D:1      | Killed Robin
  1805 | D:1      | Reached XP level 4. HP: 42/49 MP: 4/4
  2073 | D:2      | Reached skill level 5 in Fighting
  2078 | D:2      | HP: 2/50 [orc/+0 whip (4)]
  2081 | D:2      | Slain by a rat

Illustrated notes

Levels and vault maps discovered:
D:1:      dpeg_arrival_round_a, layout_loops_ring,
          hellmonk_ecumenical_altar_blasted
D:2:      layout_basic, grunt_ministairs_13, uniq_sigmund, uniq_robin
D:3:      layout_loops_ring, serial_shops, shop, cheibrodos_sewer_entry_bend,
          guppyfry_early_orc_mine, uniq_ijyb, uniq_terence

Skill      XL: |  1  2  3  4 |
---------------+-------------+-----
Long Blades    | 2 |  2.6
Dodging        | 3 |  3.3
Fighting       | 5 |  5.0
Shields        | |  3.7

Action                   |  1- 3 |  4- 6 || total
-------------------------+-------+-------++-------
Melee: Long sword        |   103 |    33 ||   136
Armor: Robe              |    43 |     8 ||    51
Dodge: Dodged            |    55 |    21 ||    76
Block: Kite shield       |    69 |    20 ||    89
